 Dungeon Crawl Stone Soup version 0.18-a0-1503-ge0208f0 (console) character file.

1255 Lasty the Slicer (level 8, -1/41 HPs)
             Began as a Kobold Enchanter on Feb 24, 2016.
             Slain by a giant frog (6 damage)
             ... on level 4 of the Dungeon on Feb 25, 2016.
             The game lasted 00:23:53 (8154 turns).

Lasty the Slicer (Kobold Enchanter)                 Turns: 8154, Time: 00:23:53

Health: -1/41      AC:  3    Str:  6    XL:     8   Next: 80%
Magic:  0/11       EV: 18    Int: 15    God:
Gold:   309        SH:  0    Dex: 17    Spells: 4 memorised, 2 levels left

rFire  . . .     SeeInvis .     a - +0 dagger (venom)
rCold  . . .     Gourm    .     b - +1 robe
rNeg   . . .     Faith    .     (shield restricted)
rPois  .         Spirit   .     (no helmet)
rElec  .         Dismiss  .     (no cloak)
rCorr  .         Reflect  .     (no gloves)
SustAt .         Harm     .     (no boots)
MR     .....                    (no amulet)
Stlth  +++.......               (no ring)
                                (no ring)

@: about to teleport, very slightly contaminated, not resistant to hostile
enchantments, fairly stealthy
A: carnivore 3
a: no special abilities


You were on level 4 of the Dungeon.
You were very full.

You visited 1 branch of the dungeon, and saw 5 of its levels.

You collected 309 gold pieces.


Innate Abilities, Weirdness & Mutations

You are small and have problems with some larger weapons.
You are carnivorous and can eat meat at any time.


   Skills:
 + Level 9.1 Short Blades
 + Level 4.9 Dodging
 - Level 4.0 Stealth
 - Level 2.0 Spellcasting
 + Level 5.9 Hexes
 - Level 3.2 Ice Magic


You had 2 spell levels left.
You knew the following spells:

 Your Spells              Type           Power        Failure   Level  Hunger
a - Ensorcelled Hibernat  Hex/Ice        ###...       6%          2    ###....
d - Tukima's Dance        Hex            ###.....     10%         3    ###....
q - Confuse               Hex            ###.....     10%         3    ###....
s - Corona                Hex            ###....      1%          1    #......

Inventory:

Hand Weapons
 a - a +0 dagger of venom (weapon)
   (You took it off an orc wizard on level 4 of the Dungeon)
 g - a cursed -2 dagger
 i - a cursed -2 dagger
 j - a cursed -3 hunting sling
 o - a +1 dagger
Missiles
 f - 150 stones (quivered)
Armour
 b - a +1 robe (worn)
 t - the +4 ring mail of the Elven Halls {Str+2}
   (You found it on level 4 of the Dungeon)

   It affects your strength (+2).
Jewellery
 l - an uncursed ring of sustain attributes {unknown}
 q - an uncursed ring of sustain attributes {unknown}
Wands
 e - a wand of flame (30/48)
Scrolls
 h - a scroll of enchant armour {unknown}
 k - a scroll of random uselessness
 m - a scroll of recharging
 n - a scroll of identify
 r - a scroll of teleportation {!r}
Potions
 p - a potion of cure mutation {!q}
 s - a potion of flight {unknown}
Books
 c - a book of Maledictions

   Spells                             Type                      Level
   a - Corona                         Hexes                        1
   b - Ensorcelled Hibernation        Hexes/Ice                    2
   c - Confuse                        Hexes                        3
   d - Tukima's Dance                 Hexes                        3
   e - Dazzling Spray                 Conjuration/Hexes            3
Comestibles
 d - 4 meat rations {!e}


Message History

The orc hits you.
* * * LOW HITPOINT WARNING * * *
You take 4 damage.
You kill the orc wizard!
There is a stone staircase leading up here.
Your magical contamination has completely faded away.
You see here a whip of venom.
The orc completely misses you.
Aiming: Ensorcelled Hibernation
Aim: an orc, wielding a club and wearing a ring mail (chance to defeat MR: 81%)
The orc resists with significant effort.
The orc barely misses you.
You hit the orc but do no damage.
The orc is poisoned.
The orc closely misses you.
You hit the orc but do no damage.
The orc looks even sicker.
The orc is lightly wounded.
You kill the orc!
Aiming: Confuse
Aim: an orc, wearing a leather armour (chance to defeat MR: 83%)
The orc appears confused.
The orc barely misses the orc.
You hit the orc but do no damage.
The orc is poisoned.
The orc hits you from afar with a trident!
* * * LOW HITPOINT WARNING * * *
You take 7 damage.
You hit the orc but do no damage.
The orc looks even sicker.
The orc mumbles something.
The orc closely misses you.
The giant frog gives a loud, deep croak!
You feel a bit more experienced.
Aiming: Confuse
Aim: a giant frog (chance to defeat MR: 50%)
You miscast Confuse.
You are very lightly contaminated with residual magic.
Nothing appears to happen.
Aiming: Ensorcelled Hibernation
Aim: a giant frog (chance to defeat MR: 46%)
The giant frog resists with some effort.
The giant frog completely misses you.
Read which item? (? for menu, Esc to quit)
You can't read that!
Unknown command.
Read which item? (? for menu, Esc to quit)
Really read
r - 2 scrolls of teleportation {!r}?
As you read the scroll of teleportation {!r}, it crumbles to dust.
You feel strangely unstable. The giant frog barely misses you.
The orc hits you from afar with a trident.
* * * LOW HITPOINT WARNING * * *
The giant frog hits you.
You die...

#.#.#..#.#..........[........
#.#.#..#.#.....#..#####.#....
#...>..#o#........#####......
###.#.##.#...................
#.#.##.#............)####.#
#.#.##o..............# #.#
#.#.######o.#.#.#.#..####.#
#.#.# #.................
#.#.# #@.#.#.#.#..####.#
#.#.# #F..........# #.# #.#.#
#..#.#.#.#..####.#
#..#######.................
#.##≈§§§≈#..#.#.#.#..####.#
##.#§#.#≈##..........####.#
###§.∩..'.#...............
#≈#.#≈#...######.......#
#≈≈≈≈§##### #.#####.#


You could see a giant frog and an orc.

Vanquished Creatures
  An orc warrior (D:4)
  A phantom (D:5)
  2 ogres (D:3)
  2 scorpions
  2 hounds (D:4)
  4 orc priests (D:4)
  6 orc wizards
  4 worker ants (D:4)
  A hound skeleton (D:5)
  4 gnolls (D:2)
  9 adders
  A river rat (D:4)
  2 oozes
  An adder skeleton (D:4)
  2 worms (D:4)
  3 dart slugs
  A giant gecko (D:2)
  29 orcs
  3 ball pythons
  6 giant cockroaches
  16 goblins
  14 hobgoblins
  6 jackals
  3 quokkas
  3 bats
  2 giant gecko skeletons
  7 giant newts
  7 kobolds
  12 rats
  A spectral orc (D:3)
155 creatures vanquished.

Vanquished Creatures (collateral kills)
  An ogre (D:3)
  3 orcs (D:4)
4 creatures vanquished.

Vanquished Creatures (others)
  A dancing weapon (D:4)
  A plant (D:2)
2 creatures vanquished.

Grand Total: 161 creatures vanquished

Notes
Turn   | Place    | Note
--------------------------------------------------------------
     0 | D:1      | Lasty the Kobold Enchanter began the quest for the Orb.
     0 | D:1      | Reached XP level 1. HP: 10/10 MP: 3/3
   118 | D:1      | HP: 3/10 [kobold/enchanted dagger (3)]
   129 | D:1      | --oh good
   143 | D:1      | --huh
   334 | D:1      | Reached skill level 2 in Short Blades
   481 | D:1      | --hi weirdo slug
   512 | D:1      | Reached XP level 2. HP: 15/15 MP: 5/5
   519 | D:1      | Learned a level 2 spell: Ensorcelled Hibernation
   653 | D:1      | Reached skill level 3 in Short Blades
   830 | D:1      | Reached XP level 3. HP: 17/19 MP: 0/6
  1024 | D:1      | --I KILELD ONE
  1024 | D:1      | --I AM THE BEST
  1337 | D:1      | Reached skill level 4 in Short Blades
  2001 | D:2      | --wtf
  2007 | D:2      | Reached XP level 4. HP: 13/24 MP: 0/7
  2008 | D:2      | --yay, I don't die
  2144 | D:2      | Reached skill level 1 in Ice Magic
  2566 | D:2      | Learned a level 3 spell: Confuse
  2906 | D:2      | Found a sparkling altar of Nemelex Xobeh.
  2924 | D:2      | Reached XP level 5. HP: 23/28 MP: 2/8
  3306 | D:2      | Reached skill level 5 in Short Blades
  3655 | D:2      | HP: 7/28 [gnoll/whip (6)]
  4133 | D:3      | Noticed an ogre
  4135 | D:3      | Killed an ogre
  4135 | D:3      | Reached skill level 6 in Short Blades
  4135 | D:3      | Reached skill level 2 in Ice Magic
  4135 | D:3      | Reached XP level 6. HP: 32/32 MP: 9/9
  4156 | D:3      | Reached skill level 4 in Hexes
  4214 | D:3      | Learned a level 3 spell: Tukima's Dance
  4716 | D:3      | Noticed an ogre
  4719 | D:3      | Killed an ogre
  4719 | D:3      | Reached XP level 7. HP: 36/36 MP: 5/10
  4827 | D:3      | HP: 6/36 [orc/flail (8)]
  5180 | D:3      | Reached skill level 7 in Short Blades
  5371 | D:3      | Reached skill level 3 in Ice Magic
  5571 | D:3      | Found a basalt altar of Yredelemnul.
  5914 | D:4      | Got a bloodstained ring mail
  5937 | D:4      | HP: 9/36 [orc priest/divine providence (8)]
  5942 | D:4      | Reached skill level 3 in Dodging
  5944 | D:4      | HP: 12/54 [poisoned by a worker ant]
  5950 | D:4      | Reached skill level 5 in Hexes
  5950 | D:4      | Reached XP level 8. HP: 13/41 MP: 0/11
  5951 | D:4      | HP: 12/61 [poisoned by a worker ant]
  5956 | D:4      | HP: 8/41 [poisoned by a worker ant]
  5961 | D:5      | Entered Level 5 of the Dungeon
  5964 | D:5      | HP: 7/41 [poisoned by a worker ant]
  6123 | D:4      | Reached skill level 8 in Short Blades
  6281 | D:5      | Identified the +4 ring mail of the Elven Halls {Str+2} (You found it on level 4 of the Dungeon)
  6318 | D:5      | HP: 9/41 [orc wizard/magic dart (7)]
  6319 | D:5      | HP: 2/41 [orc wizard/magic dart (7)]
  6721 | D:5      | Reached skill level 4 in Dodging
  6818 | D:5      | Noticed Dowan
  6819 | D:5      | Noticed Duvessa
  6990 | D:4      | HP: 12/41 [orc warrior (3)]
  7480 | D:4      | Reached skill level 9 in Short Blades
  7596 | D:4      | Found Ylegaeme's Book Shop.
  8071 | D:4      | HP: 11/41 [orc/trident (2)]
  8080 | D:4      | HP: 7/41 [orc (4)]
  8141 | D:4      | HP: 8/41 [orc/trident (7)]
  8154 | D:4      | HP: 5/41 [orc/trident (4)]
  8154 | D:4      | Slain by a giant frog

Vault maps used:
D:1:      evilmike_arrival_rings
D:2:      wad_lake_hut, nemelex_dance_club_becter
D:3:      yredelemnul_forgotten_temple_becter, first_bread, dk_noncrumbling_2,
          minmay_ogre_servants
D:4:      serial_glass, glass_columns_c, glass_columns_a, glass_columns_c,
          glass_columns_a, glass_columns_c, glass_columns_b, glass_columns_c,
          glass_columns_a, serial_shops, kennysheep_little_box,
          hangedman_minor_gate_pass
D:5:      portal_sewer_entry_c, nicolae_ossuary_entry_plus, uniq_duvessa

Action                   |  1- 3 |  4- 6 |  7- 9 || total
-------------------------+-------+-------+-------++-------
Melee: Dagger            |   142 |    89 |   219 ||   450
Throw: Stone             |       |     5 |       ||     5
 Cast: Corona            |     3 |       |       ||     3
       Ensorcelled Hiber |    22 |    47 |    57 ||   126
       Confuse           |       |       |    21 ||    21
       Tukima's Dance    |       |       |     3 ||     3
Evoke: Wand              |       |       |     1 ||     1
  Use: Scroll            |     1 |       |    10 ||    11
       Potion            |       |       |     4 ||     4
 Stab: Sleeping          |    19 |    39 |    43 ||   101
       Confused          |       |       |     6 ||     6
       Distracted        |       |       |     1 ||     1
  Eat: Chunk             |    14 |    12 |    19 ||    45
